 Dungeon Crawl Stone Soup version 0.29.0-4-gdea44cf6ec (webtiles) character file.

Game seed: 10197948039955862448

8206 gelatine the Party-goer (level 11, -5/86 HPs)
             Began as a Demonspawn Wanderer on Aug 27, 2022.
             Was a Follower of Uskayaw.
             Slain by an ice devil (17 damage)
             ... summoned by an obsidian statue
             ... on level 10 of the Dungeon.
             The game lasted 00:41:52 (13745 turns).

gelatine the Party-goer (Demonspawn Wanderer)      Turns: 13745, Time: 00:41:53

Health: -5/86      AC: 10    Str: 25    XL:     11   Next: 6%
Magic:  11/17      EV: 12    Int: 20    God:    Uskayaw [*.....]
Gold:   96         SH:  0    Dex: 10    Spells: 3/12 levels left

rFire   + . .      SeeInvis .   B - +5 quarterstaff (chaos)
rCold   . . .      Faith    .   (shield currently unavailable)
rNeg    + . .      Spirit   .   D - +1 leather armour of Defence {Str+2 Int+7}
rPois   .          Reflect  .   (no helmet)
rElec   .          Harm     .   C - +0 cloak
rCorr   +          Rampage  .   h - +2 pair of gloves {Str+3}
Will    .....      Rnd*Tele +   i - +0 pair of boots {Fly}
Stlth   ++........              (no amulet)
HPRegen 0.24/turn               t - ring of positive energy
MPRegen 0.15/turn               w - ring of resist corrosion

@: flying, mesmerised
A: foul stench 3, demonic magic 1, fire resistance 1, teleportitis 1
a: Renounce Religion, Stomp


You were on level 10 of the Dungeon.
You worshipped Uskayaw.
Uskayaw was aware of your devotion.
You visited 2 branches of the dungeon, and saw 11 of its levels.
You also visited: Bailey.

You collected 768 gold pieces.
You spent 672 gold pieces at shops.

Inventory:

Hand Weapons
 l - a +0 shortbow
 x - a +4 flail of protection
 B - a +5 quarterstaff of chaos (weapon)
Missiles
 c - 20 boomerangs (quivered)
 y - 13 poisoned darts
Armour
 h - a +2 pair of gloves of strength (worn)
 i - a +0 pair of boots of flying (worn)
 o - the +6 chain mail of the Spheres {Fly}
   (You found it on level 2 of the Dungeon)

   Fly:       It grants you flight.
 C - a +0 cloak (worn)
 D - the +1 leather armour of Defence (worn) {Str+2 Int+7}
   (You took it off an orc on level 9 of the Dungeon)

   Str:       It affects your strength (+2).
   Int:       It affects your intelligence (+7).
 K - a +0 pair of gloves of infusion
Magical Staves
 j - a staff of earth
Jewellery
 r - a ring of fire
 t - a ring of positive energy (left hand)
 w - a ring of resist corrosion (right hand)
Wands
 b - a wand of flame (40)
 q - a wand of paralysis (8)
 A - a wand of quicksilver (5)
Scrolls
 a - a scroll of torment
 d - 2 scrolls of fear
 m - 7 scrolls of teleportation
 n - a scroll of blinking
 p - 6 scrolls of poison
 s - 4 scrolls of amnesia
 v - 2 scrolls of identify
 z - a scroll of summoning
 E - 3 scrolls of magic mapping {unknown}
 F - a scroll of silence {unknown}
 G - a scroll of enchant weapon
Potions
 e - a potion of magic
 f - a potion of might
 g - 2 potions of cancellation
 k - 3 potions of brilliance
 u - 4 potions of flight
 H - 2 potions of berserk rage {unknown}
 I - 2 potions of degeneration {unknown}
 J - 2 potions of curing


   Skills:
 * Level 7.8 Fighting
 - Level 5.0(6.3) Maces & Flails
 + Level 3.9(5.5) Polearms
 + Level 6.0(7.4) Staves
 + Level 1.9 Throwing
 + Level 6.1 Armour
 + Level 2.4 Dodging
 + Level 3.8 Stealth
 - Level 1.1 Spellcasting
 + Level 2.9 Translocations
 * Level 1.2 Transmutations
 * Level 1.1 Fire Magic
 * Level 1.2 Poison Magic
 * Level 9.2 Invocations
 + Level 3.5 Evocations


You had 3 spell levels left.
You knew the following spells:

 Your Spells              Type           Power      Damage    Failure   Level
a - Apportation           Tloc           26%        N/A       5%          1
b - Freeze                Ice            4%         1d3       19%         1
c - Olgreb's Toxic Radia  Pois           6%         N/A       75%         4
d - Ignite Poison         Fire/Tmut/Pois 5%         N/A       34%         3

Your spell library contained the following spells:

 Spells                   Type           Power      Damage    Failure   Level
 Sting                    Tmut/Pois      24%        1d4       12%         1
 Lesser Beckoning         Tloc           13%        N/A       17%         3
 Magic Dart               Conj           4%         1d3       19%         1
 Poisonous Vapours        Pois/Air       6%         N/A       22%         2
 Searing Ray              Conj           2%         2d4       28%         2
 Mephitic Cloud           Conj/Pois/Air  2%         N/A       43%         3
 Frozen Ramparts          Ice            2%         1d1       50%         3
 Stone Arrow              Conj/Erth      2%         3d7       50%         3
 Animate Armour           Summ/Erth      2%         N/A       88%         4
 Fulminant Prism          Conj/Hex       0%         3d6       88%         4
 Hailstorm                Conj/Ice       1%         3d3       88%         4
 Blade Hands              Tmut           3%         N/A       97%         5
 Freezing Cloud           Conj/Ice/Air   0%         6-21      99%         5
 Iron Shot                Conj/Erth      0%         9d1       100%        6
 Lehudib's Crystal Spear  Conj/Erth      0%         10d2      100%        8


Dungeon Overview and Level Annotations

Branches:
Dungeon (10/15)            Temple (1/1) D:6          Bailey (visited)
   Lair: D:8-11         Orc: D:9-12

Altars:
Ashenzari
Cheibriados
Dithmenos
Fedhas
Gozag
Hepliaklqana
Kikubaaqudgha
Makhleb
Nemelex Xobeh
Okawaru
Qazlal
Ru
Sif Muna
Trog
Uskayaw
Vehumet
Wu Jian
Xom
Yredelemnul

Shops:
D:5 :   D:10 :

Annotations:
D:9 3 runed translucent doors, Ashtray's ghost, novice TeFE
D:10 exclusion: obsidian statue


Innate Abilities, Weirdness & Mutations

You frequently emit foul miasma when damaged in melee.
Spells you cast may paralyse adjacent enemies.
Your flesh is heat resistant. (rF+)
You are occasionally teleported next to monsters.


Message History

You sock the obsidian statue!
The obsidian statue's magic leaks into the air.
The obsidian statue is lightly damaged.
The obsidian statue's magic is no longer disrupted.
The ice devil misses you.
You thump the obsidian statue!
The obsidian statue is moderately damaged.
The obsidian statue's eyes glow briefly.
You hit the obsidian statue.
The obsidian statue is moderately damaged.
The ice devil hits you. The ice devil freezes you!
The obsidian statue's eyes glow briefly.
You can now pass through a line of other dancers.
You hit the obsidian statue but do no damage.
The obsidian statue is moderately damaged.
The ice devil hits you! The ice devil freezes you!
You emit a cloud of foul miasma!
The obsidian statue's eyes glow briefly.
You hit the obsidian statue.
Nothing appears to happen.
The obsidian statue is moderately damaged.
The ice devil hits you. The ice devil freezes you!!
* * * LOW HITPOINT WARNING * * *
You stomp with the beat, sending a shockwave through the revellers around you!
The ice devil is moderately wounded.
The obsidian statue is heavily damaged.
You can no longer pass through a line of other dancers.
The ice devil closely misses you.
You stomp with the beat, sending a shockwave through the revellers around you!
The ice devil is heavily wounded.
The obsidian statue is severely damaged.
The ice devil closely misses you.
The obsidian statue's eyes glow briefly.
The obsidian statue attempts to bespell you!
You are mesmerised by the obsidian statue!
You sock the obsidian statue! You burn the obsidian statue.
The obsidian statue is almost destroyed.
The ice devil hits you.
* * * LOW HITPOINT WARNING * * *
The ice devil freezes you!
You die...

##.......#.#.#....#..#..#
#.....
#.........#.#....#..#..#
#.....
###+#.###.#.#.......#..#
#.....
#.#..............##..#
#..~.. #
#.#.......#.#..###...#
#..... #
#.#.............##...#
#.....
####'#..........####....#
#.....
...........#######......#
#.)<.. .~.........#
#8@4......# #...~÷
...........# ####......#
#..... ...........#
###....# #....÷
...........#### ##...#
#..... ..............#
#...# #.....
..............# ##..#
#..... ##########....#
#..# #..... .#
#....########..# #.....
.##########.###......#..#
######


You could see an obsidian statue (mesmerising) and an ice devil (summoned).

Vanquished Creatures
  3 two-headed ogres
  An ice statue (D:8)
  A cane toad (D:10)
  Grinder (D:5)
  6 yaks
  A steam dragon (D:8)
  Edmund (D:4)
  2 water moccasins (D:5)
  3 black bears
  2 ice beasts
  10 orc warriors
  A sky beast (D:7)
  An ogre (D:5)
  3 centaurs
  A phantom (D:7)
  A kobold brigand (D:9)
  3 bullfrogs
  3 necrophages
  2 gnoll sergeants
  4 scorpions
  4 wights (D:8)
  4 howler monkeys
  2 jellies
  4 hounds
  5 orc priests
  4 gnoll boudas
  5 iguanas
  Crazy Yiuf (D:5)
  8 orc wizards
  Robin (D:2)
  32 gnolls
  5 adders
  2 white imps (D:7)
  2 ufetubi
  A worm (D:3)
  2 dart slugs
  21 orcs
  8 bats
  10 endoplasms
  3 giant cockroaches
  19 goblins
  8 hobgoblins
  6 jackals (D:4)
  24 kobolds
  3 quokkas
  6 ball pythons
  3 frilled lizards
  A goblin zombie (D:5)
  A jackal skeleton (D:5)
  A jackal zombie (D:5)
  8 rats
254 creatures vanquished.

Vanquished Creatures (others)
  An orc zombie (D:8)
  A fungus (D:5)
2 creatures vanquished.

Grand Total: 256 creatures vanquished

Notes
Turn   | Place    | Note
-------+----------+-------------------------------------------
     0 | D:1      | gelatine the Demonspawn Wanderer began the quest for the
                  | Orb.
     0 | D:1      | gelatine set off with the following items: a +0 trident, a
                  | wand of flame (3), a scroll of butterflies, a +0 leather
                  | armour; and the following spell memorised: Apportation; and
                  | the following spells available to memorise: Lesser
                  | Beckoning.
     0 | D:1      | Reached XP level 1. HP: 13/13 MP: 2/2
    32 | D:1      | Found a faded altar of an unknown god.
    36 | D:1      | Prayed at the altar of an unknown god.
    36 | D:1      | Became a worshipper of Uskayaw the Reveller
    36 | D:1      | Reached * piety under Uskayaw
    85 | D:1      | Reached ** piety under Uskayaw
    88 | D:1      | Reached *** piety under Uskayaw
    89 | D:1      | Gained mutation: You may rarely emit foul miasma when
                  | damaged in melee. [demonic ancestry]
    89 | D:1      | Reached XP level 2. HP: 11/19 MP: 3/3
    94 | D:1      | Reached **** piety under Uskayaw
  1128 | D:1      | Gained mutation: You sometimes emit foul miasma when
                  | damaged in melee. [demonic ancestry]
  1128 | D:1      | Reached XP level 3. HP: 23/24 MP: 4/4
  1415 | D:2      | Identified the +6 chain mail of the Spheres {Fly}
  1886 | D:2      | Reached skill level 1 in Armour
  1917 | D:2      | Reached skill level 1 in Dodging
  1917 | D:2      | Reached skill level 1 in Invocations
  1917 | D:2      | Gained mutation: Spells you cast may paralyse adjacent
                  | enemies. [demonic ancestry]
  1917 | D:2      | Reached XP level 4. HP: 21/31 MP: 5/5
  2133 | D:2      | Reached skill level 1 in Fighting
  2135 | D:2      | Noticed Robin
  2146 | D:2      | Killed Robin
  2685 | D:3      | Reached XP level 5. HP: 20/37 MP: 6/6
  3608 | D:3      | Reached skill level 2 in Invocations
  3762 | D:4      | Noticed Edmund
  3778 | D:4      | Killed Edmund
  3779 | D:4      | Reached XP level 6. HP: 13/46 MP: 7/7
  4096 | D:4      | Noticed a +0 spear
  4096 | D:4      | Noticed a +0 spear
  4097 | D:4      | Noticed a +0 dagger
  4098 | D:4      | Noticed a +0 falchion
  4098 | D:4      | Noticed a +0 short sword
  4098 | D:4      | Noticed a +0 dagger
  4098 | D:4      | Noticed a +0 short sword
  4101 | D:4      | Noticed a +0 falchion
  4113 | D:4      | Found a hide-covered altar of Uskayaw.
  4215 | D:4      | Noticed an ice beast
  4222 | D:4      | Killed an ice beast
  4223 | D:4      | Reached skill level 3 in Invocations
  4476 | D:4      | Reached skill level 1 in Maces & Flails
  4476 | D:4      | Reached XP level 7. HP: 40/52 MP: 9/9
  5065 | D:5      | Entered Level 5 of the Dungeon
  5147 | D:5      | Found a runed translucent door.
  5148 | D:5      | Noticed a human
  5171 | D:5      | Found a basalt altar of Yredelemnul.
  5182 | D:5      | Reached skill level 4 in Invocations
  5537 | D:5      | Gained mutation: You frequently emit foul miasma when
                  | damaged in melee. [demonic ancestry]
  5537 | D:5      | Reached XP level 8. HP: 24/60 MP: 11/11
  5746 | D:5      | Reached skill level 5 in Invocations
  6023 | D:5      | Found Boj Batyu's Book Shop.
  6251 | D:5      | Noticed Grinder
  6262 | D:5      | Killed Grinder
  6263 | D:5      | Reached skill level 1 in Stealth
  6588 | D:5      | Found a runed translucent door.
  6589 | D:5      | Noticed Crazy Yiuf
  6595 | D:5      | Killed Crazy Yiuf
  6707 | D:6      | Reached skill level 6 in Invocations
  6708 | D:6      | Reached skill level 5 in Fighting
  6865 | D:6      | Reached XP level 9. HP: 68/68 MP: 13/13
  6932 | D:6      | Reached skill level 5 in Maces & Flails
  6943 | D:6      | Reached skill level 1 in Staves
  6951 | D:6      | HP: 3/68 [gnoll/+0 halberd[a gnoll bouda] (2)]
  6974 | D:6      | Gained mutation: You have a pair of small horns on your
                  | head. [potion of mutation]
  6974 | D:6      | Gained mutation: You have hidden genetic defects. [potion
                  | of mutation]
  6974 | D:6      | Gained mutation: Potions are less effective at restoring
                  | your health. [potion of mutation]
  6975 | D:6      | Lost mutation: Potions are less effective at restoring your
                  | health. [potion of mutation]
  6975 | D:6      | Lost mutation: You have hidden genetic defects. [potion of
                  | mutation]
  6975 | D:6      | Lost mutation: You have a pair of small horns on your head.
                  | [potion of mutation]
  6975 | D:6      | Gained mutation: You are occasionally teleported next to
                  | monsters. [potion of mutation]
  6975 | D:6      | Gained mutation: Your flesh is heat resistant. (rF+)
                  | [potion of mutation]
  6997 | D:7      | Reached ***** piety under Uskayaw
  7603 | D:7      | Found a flagged portal.
  7622 | Bailey   | Entered a bailey
  7818 | Bailey   | Reached skill level 7 in Invocations
  7825 | Bailey   | Reached skill level 5 in Armour
  9190 | D:8      | Noticed a two-headed ogre
  9200 | D:8      | HP: 2/69 [two-headed ogre/+0 giant club (3)]
  9519 | D:8      | Killed a two-headed ogre
  9520 | D:8      | Reached XP level 10. HP: 47/77 MP: 15/15
 10059 | D:8      | Reached skill level 8 in Invocations
 10438 | D:8      | Noticed an ice statue
 10659 | D:8      | Killed an ice statue
 10660 | D:8      | Reached skill level 5 in Staves
 11005 | D:9      | Noticed a two-headed ogre
 11014 | D:9      | Killed a two-headed ogre
 11014 | D:9      | Identified the +1 leather armour of Defence {Str+2 Int+7}
 11314 | D:9      | Noticed a spectral centaur warrior
 11315 | D:9      | Found a runed translucent gate.
 11315 | D:9      | Found a runed translucent gate.
 11315 | D:9      | Found a runed translucent gate.
 11316 | D:9      | Noticed a spectral centaur warrior
 11317 | D:9      | Noticed Ashtray's ghost (novice TeFE)
 11368 | D:9      | Learned a level 1 spell: Freeze
 11663 | D:6      | Reached skill level 9 in Invocations
 11944 | D:6      | Found a staircase to the Ecumenical Temple.
 11953 | Temple   | Entered the Ecumenical Temple
 12548 | D:10     | Entered Level 10 of the Dungeon
 12558 | D:10     | Found Motinwik's Book Emporium.
 12567 | D:10     | Bought a Trismegistus Codex for 392 gold pieces
 12567 | D:10     | Bought a Young Poisoner's Handbook for 280 gold pieces
 12572 | D:10     | Learned a level 4 spell: Olgreb's Toxic Radiance
 12576 | D:10     | Learned a level 3 spell: Ignite Poison
 12809 | D:10     | Found a broken altar of Ashenzari.
 12813 | D:10     | Saw a vision of the Swamp and the Spider Nest.
 12813 | D:10     | Noticed a pharaoh ant
 12813 | D:10     | Noticed an orb spider
 12813 | D:10     | Noticed a wolf spider
 12813 | D:10     | Noticed an entropy weaver
 12813 | D:10     | Noticed a radroach
 12813 | D:10     | Noticed a goliath frog
 12813 | D:10     | Noticed a bunyip
 12813 | D:10     | Noticed a seven-headed hydra
 12813 | D:10     | Noticed a will-o-the-wisp
 12833 | D:10     | Noticed a two-headed ogre
 12834 | D:10     | Noticed a cane toad
 12834 | D:10     | a yak changed into a cane toad
 12845 | D:10     | Killed a cane toad
 12846 | D:10     | Reached skill level 1 in Transmutations
 12846 | D:10     | Reached skill level 1 in Poison Magic
 13238 | D:10     | Killed a two-headed ogre
 13239 | D:10     | Reached XP level 11. HP: 47/86 MP: 13/17
 13242 | D:10     | Reached skill level 1 in Fire Magic
 13608 | D:10     | Found a hazy altar of Hepliaklqana.
 13610 | D:10     | Found a stormy altar of Qazlal.
 13657 | D:10     | Found a burning altar of Makhleb.
 13732 | D:10     | Noticed an obsidian statue
 13745 | D:10     | Slain by an ice devil

Illustrated notes

Levels and vault maps discovered:
D:1:      minmay_arrival_checkered_box, layout_basic,
          hellmonk_ecumenical_altar_heavens_door, minmay_domino_2
D:2:      layout_basic, serial_corexii_hall, corexii_hall_statues_l,
          corexii_hall_statues_i, uniq_robin
D:3:      layout_rooms
D:4:      layout_basic, nicolae_uskayaw_en_pointe, kennysheep_small_circle,
          uniq_edmund
D:5:      layout_loops_ring, dk_yredelemnul_ordeal, serial_shops,
          shop_fountains, nrook_mini_vaults, kennysheep_generic_room_3,
          uniq_grinder, uniq_crazy_yiuf_cottage
D:6:      layout_gridville, minmay_temple_entry_hall
D:7:      layout_layer_cave, tso_metal_star, enter_bailey_5, roderic_lattice_a,
          item_on_display_a
D:8:      lemuel_ice_statue, layout_basic, hangedman_glass_teeth
D:9:      layout_cross, elyvilon_altar_5, gammafunk_ghost_necromancy
D:10:     minmay_statue_hallways, layout_basic, grunt_ashenzari_visionary
          [grunt_ashenzari_visionary_swamp, grunt_ashenzari_visionary_spider],
          grunt_temple_overflow_open, general_overflow_altar, serial_shops,
          nicolae_shop_statue_plus, kennysheep_generic_room_15
Temple:   nicolae_temple_bog_church

Skill      XL: |  1  2  3  4  5  6  7  8  9 10 11 |
---------------+----------------------------------+-----
Polearms       | 2 3 |  3.9
Armour         | 1 2 3 4 5 6 |  6.1
Dodging        | 1 2 |  2.4
Invocations    | 1 2 3 4 6 7 9 |  9.2
Fighting       | 1 2 3 4 5 6 7 |  7.8
Maces & Flails | 1 3 4 5 |  5.0
Stealth        | 1 2 3 |  3.8
Staves         | 4 6 |  6.0
Transmutations | 1 |  1.2
Poison Magic   | 1 |  1.2
Fire Magic     | 1 |  1.1
Throwing       | |  1.9
Spellcasting   | |  1.1
Translocations | |  2.9
Evocations     | |  3.5

Action                   |  1- 3 |  4- 6 |  7- 9 | 10-12 || total
-------------------------+-------+-------+-------+-------++-------
Melee: Trident           |   164 |   148 |       |       ||   312
       Punch             |     1 |     3 |     1 |       ||     5
       Whip              |       |    17 |       |       ||    17
       Flail             |       |    32 |   138 |       ||   170
       Quarterstaff      |       |       |   183 |   158 ||   341
Throw: Boomerang         |       |       |    14 |     8 ||    22
       Dart              |       |       |     6 |       ||     6
 Cast: Apportation       |       |     1 |     1 |       ||     2
       Freeze            |       |       |       |     3 ||     3
Invok: Stomp             |       |     1 |       |     5 ||     6
Evoke: Wand              |       |       |       |     2 ||     2
  Use: Potion            |     2 |     1 |     9 |     3 ||    15
       Scroll            |       |     1 |    13 |     5 ||    19
 Stab: Paralysed         |     1 |       |    15 |    16 ||    32
       Petrified         |       |       |       |     4 ||     4
Armor: Leather armour    |    57 |       |       |    32 ||    89
       Chain mail        |    31 |   184 |   267 |    72 ||   554
Dodge: Dodged            |   118 |   100 |   163 |    90 ||   471
